 Dungeon Crawl Stone Soup version 0.15-a0-1345-gc375f20 (webtiles) character file.

199 MrArtemy the Skirmisher (level 5, -1/43 HPs)
             Began as a Demonspawn Abyssal Knight on June 8, 2014.
             Was a Believer of Lugonu.
             Slain by a hippogriff skeleton (6 damage)
             ... on Level 3 of the Dungeon on June 11, 2014.
             The game lasted 00:13:51 (2522 turns).

MrArtemy the Skirmisher (Demonspawn Abyssal Knight) Turns: 2522, Time: 00:13:52

HP  -1/43        AC  8     Str 13      XL: 5   Next: 48%
MP   7/7         EV  8     Int 14      God: Lugonu [**....]
Gold 56          SH  0     Dex 12      Spells:  0 memorised,  4 levels left

rFire  . . .     SeeInvis .     a - +1 hand axe
rCold  . . .     Clarity  .     t - +1 scale mail
rNeg   . . .     rCorr    .     (no shield)
rPois  .         rRot     .     i - +0 helmet
rElec  .         Spirit   .     (no cloak)
SustAb .         Warding  .     (no gloves)
rMut   .         Stasis   .     (no boots)
Gourm  .                        (no amulet)
MR     .....                    (no ring)
                                (no ring)

@: not resistant to hostile enchantments, very unstealthy
A: nightstalker 2
a: Depart the Abyss, Bend Space, Renounce Religion


You were on level 3 of the Dungeon.
You worshipped Lugonu.
Lugonu was pleased with you.
You were hungry.

You visited 1 branch of the dungeon, and saw 3 of its levels.
You visited the Abyss 1 time.

You collected 56 gold pieces.

Inventory:

Hand weapons
 a - a +1,+1 hand axe (weapon)
Armour
 i - a +0 helmet (worn)
 t - a +1 scale mail (worn)
Comestibles
 c - a bread ration
 l - 3 fruits
 q - 2 meat rations
 s - a slice of pizza
Scrolls
 d - 2 scrolls of amnesia {unknown}
 f - a scroll of random uselessness {unknown}
 g - a scroll of remove curse {unknown}
 o - 5 scrolls of identify {unknown}
 r - a scroll of blinking {unknown}
Jewellery
 h - an uncursed ring of protection from fire {unknown}
Potions
 e - a potion of invisibility {unknown}
 j - a potion of heal wounds {unknown}
 k - a potion of degeneration {unknown}
 n - 3 potions of curing {unknown}
 p - a potion of brilliance {unknown}


   Skills:
 + Level 4.9 Fighting
 + Level 3.6 Axes
 - Level 1.7 Armour
 - Level 1.0 Dodging
 + Level 0.4 Stealth
 - Level 2.7 Invocations


You had 4 spell levels left.
You didn't know any spells.

Dungeon Overview and Level Annotations

Branches:
Dungeon (3/15)

Altars:
Kikubaaqudgha
Makhleb


Innate Abilities, Weirdness & Mutations

You are significantly more attuned to the shadows.


Message History

You completely miss the hippogriff skeleton.
You closely miss the necrophage.
The necrophage is severely damaged.
The necrophage hits you but does no damage.
The hippogriff skeleton bites you.
* * * LOW HITPOINT WARNING * * *
The hippogriff skeleton pecks you but does no damage.
The hippogriff skeleton claws you but does no damage.
You hit the hippogriff skeleton. You hit the necrophage.
The necrophage is almost destroyed.
The necrophage hits you.
* * * LOW HITPOINT WARNING * * *
The hippogriff skeleton bites you but does no damage.
The hippogriff skeleton pecks you but does no damage.
The hippogriff skeleton claws you but does no damage.
The necrophage closely misses you.
You barely miss the necrophage.
The necrophage is almost destroyed.
You hit the hippogriff skeleton. The hippogriff skeleton bites you.
You die...

. #.. ....
..... # ...
....#.####
.)....@..#
###...nZ....#
#.........
#<........
.........
...>... ..#


You could see a necrophage and a hippogriff skeleton.

Vanquished Creatures
  2 vampire bats (D:2)
  4 adders (D:2)
  An inept feature mimic (D:2)
  2 worms (D:2)
  A giant gecko (D:2)
  An ooze (D:2)
  10 bats
  3 bat skeletons (D:2)
  A bat zombie (D:2)
  A giant cockroach (D:1)
  7 goblins
  7 hobgoblins
  5 jackals
  10 kobolds
  6 giant newts
  6 rats
67 creatures vanquished.

Notes
Turn   | Place    | Note
--------------------------------------------------------------
     0 | Abyss:1  | MrArtemy, the Demonspawn Abyssal Knight, began the quest for the Orb.
     0 | Abyss:1  | Reached XP level 1. HP: 18/18 MP: 1/1
    57 | Abyss:1  | Noticed a neqoxec
    58 | D:1      | Escaped the Abyss
    91 | D:1      | Acquired Lugonu's first power
   183 | D:1      | Gained mutation: You are slightly more attuned to the shadows. [demonic ancestry]
   183 | D:1      | Reached XP level 2. HP: 24/24 MP: 2/2
   234 | D:1      | Reached skill level 1 in Dodging
   510 | D:1      | Acquired Lugonu's second power
   510 | D:1      | Gained mutation: You are significantly more attuned to the shadows. [demonic ancestry]
   510 | D:1      | Reached XP level 3. HP: 15/29 MP: 4/4
  1048 | D:2      | Reached skill level 4 in Fighting
  1133 | D:2      | Found an ancient bone altar of Kikubaaqudgha.
  1151 | D:2      | Reached XP level 4. HP: 34/38 MP: 5/5
  1155 | D:2      | Reached XP level 5. HP: 39/43 MP: 7/7
  1425 | D:2      | Found a burning altar of Makhleb.
  2103 | D:2      | Acquired Lugonu's third power
  2447 | D:3      | Noticed a necrophage
  2522 | D:3      | Slain by a hippogriff skeleton

Action                   |  1- 3 |  4- 6 || total
-------------------------+-------+-------++-------
Melee: Hand axe          |   110 |   101 ||   211
Invok: Depart the Abyss  |     1 |       ||     1
 Stab: Sleeping          |       |     2 ||     2
       Distracted        |       |     1 ||     1
